AoeStats
← sebojo

Four Lakes

510027109Analyzed
1v1 RM · 2d ago on Sep 29, 2026· 40m 27s· 2 players
Game mode
Random Map
Map size
Tiny (2 player)
Population
200
Speed
Normal
Resources
Standard
Victory
Conquest
Starting age
Dark Age
Ending age
Imperial Age
RankedLock teamsTeams togetherTeam positionsShared explorationLock speedFull tech treeHidden civsTurbo modeCheats
Victory
Defeat
🇦🇷 Khmer · Argentina
219
+19
🇬🇧 Chinese · United Kingdom
283
-19
Chalau
16:56 Feudal Age
17:20 Fishing Lines
17:29 Double-Bit Axe
17:39 Town Watch
18:30 Wheelbarrow
23:55 Castle Age
22:12 Forging
22:02 Scale Mail Armor
21:28 Man-at-Arms
24:02 Stone Mining
24:54 Bloodlines
24:56 Scale Barding Armor
24:52 Padded Archer Armor
24:46 Fletching
27:35 Pikeman
29:04 Iron Casting
28:51 Chain Barding Armor
30:32 Light Cavalry
31:34 Leather Archer Armor
31:15 Bodkin Arrow
30:55 Crossbowman
32:42 Stone Shaft Mining
32:02 Gold Mining
38:09 Bow Saw
sebojo
1:44 Loom
12:57 Feudal Age
14:33 Wheelbarrow
13:44 Town Watch
17:20 Bloodlines
17:56 Fishing Lines
19:59 Scale Barding Armor
20:08 Forging
20:09 Gold Mining
23:24 Double-Bit Axe
25:10 Stone Mining
30:48 Castle Age
32:02 Hand Cart
31:48 Town Patrol
33:45 Bow Saw
34:16 Gold Shaft Mining
34:17 Stone Shaft Mining
36:42 Husbandry
37:34 Ballistics
37:05 Heated Shot
Connection lost

Rejoining the realm…

Still unreachable

The connection could not be restored.

Session expired

The server has moved on; the page needs a fresh start.